[Event "Mitropa Cup Open 2022"]
[Site "Corte"]
[Date "2022.05.05"]
[Round "6.7"]
[White "Lodici, Lorenzo"]
[Black "Boyer, Mahel"]
[Result "1-0"]
[ECO "E40"]
[WhiteElo "2549"]
[BlackElo "2431"]
[Annotator "TA"]
[PlyCount "79"]
[EventDate "2022.04.30"]
[EventType "team-tourn"]
[EventCountry "FRA"]
[SourceTitle "playchess.com"]
[Source "ChessBase"]
[SourceQuality "1"]
[WhiteTeam "Italy"]
[BlackTeam "France"]
[WhiteTeamCountry "ITA"]
[BlackTeamCountry "FRA"]
[TimeControl "40/5400+30:1800+30"]

1. d4 Nf6 2. c4 e6 3. Nc3 Bb4 4. e3 d5 5. a3 Bxc3+ 6. bxc3 O-O 7. cxd5 exd5 8. Bd3 b6 9. Ne2 c5 10. O-O Ba6 11. f3 Re8 12. Ng3 Bxd3 13. Qxd3 Nc6 14. Bb2 h5 {[%emt 0:13:44] E49: Nimzo-Indian: Rubinstein: 5 Bd3 d5 6 a3 Bxc3+ 7 bxc3.} 15. Rae1 Rc8 ({Black should try} 15... h4 $11 16. Nf5 c4) 16. e4 $1 $14 cxd4 {White is slightly better.} 17. cxd4 {[%emt 0:12:35] Black must now prevent e5.} h4 (17... g6 $142) 18. Nf5 $16 {[%emt 0:02:49] [#] aiming for e5.} Nh5 $146 {[%emt 0:00:04] [#]} ({Predecessor:} 18... g6 19. Nxh4 dxe4 20. fxe4 Ne5 21. Qg3 Nc4 22. Nxg6 Nxb2 23. Ne7+ Kf8 24. Nxc8 Qxd4+ 25. Kh1 Nxe4 26. Qf4 Qc4 27. Nd6 Nxd6 28. Qxd6+ Kg7 29. Qf6+ Kh7 30. Rxe8 {1-0 (30) Golovlev,N (2321)-Kurochkin,V (2152) Ilichevsk 2007}) 19. Bc1 $1 {[%emt 0:04:41] Against Nf4. White is more active.} g6 20. Nh6+ Kg7 21. e5 (21. Ng4 $16) 21... f5 $2 {[%emt 0:21:42][%mdl 8192] [#] This costs Black the game.} (21... Rh8 $14) 22. Nxf5+ $1 $18 gxf5 23. Qxf5 Rh8 24. Bg5 {[%emt 0:06:13] Chess con chili.} Rf8 (24... Nxd4 $2 25. Qg4 Qe8 26. Bf6+ Kf8 27. Bxh8 $18) (24... Qc7 $142 25. Qg4 (25. Bxh4 Qf7 $18) 25... Kf8) 25. Qg4 Qe8 26. f4 Kh7 27. f5 ({Inferior is} 27. Qd1 Ng7 $11) 27... Rg8 28. Qxh4 (28. f6 Qg6 29. Qd7+ Kh8 $14) 28... Nxd4 29. Re3 (29. Qxd4 Rxg5 30. Qd3 (30. Qxd5 $2 Rc2 $19) 30... Kh6 $14) 29... Rc3 $2 (29... Rc1 30. Rxc1 Nxf5 31. Rc7+ Rg7 32. Rxg7+ Kxg7) 30. Qxd4 Rc4 31. Qxd5 Rc5 32. Qe4 {[%emt 0:00:55] Hoping for f6+.} Rxg5 33. f6+ Rg6 34. f7 {[%emt 0:00:46] White mates.} Qf8 35. e6 Rcg5 36. e7 Rxg2+ 37. Qxg2 Rxg2+ 38. Kxg2 Qa8+ 39. Kg1 Nf4 40. Rxf4 {[%emt 0:00:06] Weighted Error Value: White=0.20 (precise) /Black=0.76} 1-0

[Event "Mitropa Cup Open 2022"]
[Site "Corte"]
[Date "2022.05.05"]
[Round "6.7"]
[White "Gallagher, Joseph G."]
[Black "Roux, Baptiste"]
[Result "1-0"]
[ECO "B40"]
[WhiteElo "2441"]
[BlackElo "2072"]
[Annotator "TA"]
[PlyCount "83"]
[EventDate "2022.04.30"]
[EventType "team-tourn"]
[EventCountry "FRA"]
[SourceTitle "playchess.com"]
[Source "ChessBase"]
[SourceQuality "1"]
[WhiteTeam "Switzerland"]
[BlackTeam "France"]
[WhiteTeamCountry "SUI"]
[BlackTeamCountry "FRA"]
[TimeControl "40/5400+30:1800+30"]

1. e4 c5 2. Nf3 e6 3. c4 Nc6 4. Nc3 b6 5. d4 cxd4 6. Nxd4 {[%emt 0:00:05] B40: Sicilian: 2...e6, Unusual lines.} Bb7 7. Nxc6 Bxc6 8. Bd3 {[%emt 0:00:48] White has an edge.} Qb8 9. O-O {[%emt 0:03:40] [#]} Bd6 $146 ({Predecessor:} 9... Nf6 10. Qe2 Bd6 11. f4 h5 12. e5 Bc5+ 13. Be3 Bxe3+ 14. Qxe3 Ng4 15. Qd4 Qd8 {0-1 (50) Rocha,S (2400)-Philippe,C (2374) Nancy 2005}) 10. f4 Bc5+ 11. Kh1 Ne7 12. Bc2 O-O 13. a3 Ng6 14. b4 Bd6 15. e5 Be7 16. Be3 (16. Ne4 $14) 16... d6 $11 17. Qh5 Qc7 (17... Qb7 $15 18. Qe2 Nh4) 18. exd6 Bxd6 19. Rac1 Rad8 20. Ne4 (20. Qh3 $11) 20... Bxe4 (20... Qb7 {is interesting.} 21. Ng5 Bxg2+ 22. Kg1 h6) 21. Bxe4 f5 22. Bb1 Bxf4 23. Bxf4 (23. Qh3 $15) 23... Nxf4 $17 24. Qf3 Rd4 25. g3 Ng6 {[%emt 0:00:38] ...Ne5 is the strong threat.} 26. c5 Kh8 (26... Ne5 {feels hotter.} 27. Qe2 g6 28. Rce1 Nf7) 27. Rfe1 (27. Qe3 {seems wilder.} Qc6+ 28. Kg1 Rfd8 29. b5) 27... e5 28. Bxf5 Ne7 29. cxb6 Qxb6 (29... Qb8 $1 $11 30. bxa7 Qxa7 31. Rxe5 g6) 30. Rxe5 $14 Qf6 ({Black should play} 30... Qd8 $14) 31. Rce1 {[%emt 0:00:06] 0x0.00272e3ce087dp-1022s more active pieces.} Ng6 (31... Nxf5 $2 {[#]} 32. Rxf5 $1 Qxf5 33. Qxf5 $18) (31... h6 $142 32. Rxe7 Qxf5 33. Qxf5 Rxf5) 32. Rc5 $36 {[%emt 0:03:12][%mdl 2048] White is on the roll.} Rd2 33. Re2 (33. Rf1 $16) 33... Rd1+ {[%emt 0:00:01] Loses the game.} (33... Qa1+ $11 {and Black has nothing to worry.} 34. Kg2 Rxe2+ 35. Qxe2 Qxa3) 34. Kg2 $18 Qd4 $2 {[%emt 0:00:16] [#]} (34... Rd7 35. Rf2 Rdf7) 35. Bxg6 $1 Rg1+ (35... Qd8 36. Rf5) 36. Kh3 Qd7+ 37. Bf5 Qd6 38. Re6 Qd2 {[%emt 0:00:13] [#]} 39. Be4 $1 {[%emt 0:00:45][%cal Rf3f8] White mates.} Qd8 (39... Qg2+ 40. Qxg2) 40. Qh5 g6 41. Qe5+ Kg8 42. Re7 {[%emt 0:00:25] Weighted Error Value: White=0.25 (precise) /Black=0.44} 1-0

[Event "Mitropa Cup Open 2022"]
[Site "Corte"]
[Date "2022.05.05"]
[Round "6.8"]
[White "Laurent-Paoli, Pierre"]
[Black "Di Benedetto, Edoardo"]
[Result "1/2-1/2"]
[ECO "E15"]
[WhiteElo "2486"]
[BlackElo "2401"]
[Annotator "TA"]
[PlyCount "145"]
[EventDate "2022.04.30"]
[EventType "team-tourn"]
[EventCountry "FRA"]
[SourceTitle "playchess.com"]
[Source "ChessBase"]
[SourceQuality "1"]
[WhiteTeam "France"]
[BlackTeam "Italy"]
[WhiteTeamCountry "FRA"]
[BlackTeamCountry "ITA"]
[TimeControl "40/5400+30:1800+30"]

1. d4 Nf6 2. c4 e6 3. Nf3 b6 4. g3 Ba6 5. b3 Bb4+ 6. Bd2 Be7 7. Bg2 d5 8. cxd5 exd5 9. O-O O-O 10. Nc3 Re8 11. Rc1 {[%emt 0:04:30] E15: Queen's Indian: 4 g3 sidelines, 4 g3 Ba6 and 4 g3 Bb7 early deviations.} Nbd7 12. Ne5 Bb7 13. Bf4 Nf8 14. Bg5 Ne6 15. Bxf6 Bxf6 16. f4 {[%emt 0:02:32] [#]} Be7 $146 ({Predecessor:} 16... c5 17. e3 cxd4 18. exd4 a6 19. Qd3 Qd6 20. Rfd1 b5 21. Ne2 Bd8 22. h4 Nf8 {0-1 (46) Vrolijk,L (2418)-Esipenko,A (2540) Mamaia 2017}) 17. e3 f6 (17... c6 {feels hotter.} 18. Qc2 Bd6 19. Rfe1 a5) 18. Nf3 (18. Nd3 $1 $11) 18... c6 19. Kh1 ({Better is} 19. Ne1 $15) 19... Nc7 $17 20. Re1 Ba3 21. Rc2 Bb4 22. Nd2 Ba6 23. Ncb1 Bd3 $36 {[%emt 0:03:28][%mdl 2048] Black is really pushing.} 24. Rc1 Nb5 {[%emt 0:04:43] Against a3} 25. a3 (25. a4 $142 Nd6 26. Rxc6) 25... Nxa3 26. Nxa3 Bxa3 27. Rxc6 (27. Nb1 $17 {was called for.} Bxb1 28. Rxb1) 27... Bb4 {[%emt 0:03:11] A strong pair of Bishops.} 28. Qf3 $2 (28. e4 $17 {is a better defense.}) 28... Bxd2 $19 29. Qxd5+ Qxd5 (29... Kh8 $142 30. Rd1 Qe7 $1) 30. Bxd5+ Kh8 (30... Kf8 $19 31. Rd1 {[#]} Rad8 $1 32. Rxd2 Bb5) 31. Rd1 $17 {[%emt 0:00:43] [#]} Rad8 $1 32. Rxd2 Bb5 ({Much worse is} 32... Rxe3 $6 33. Re6 Rxe6 34. Bxe6 Be4+ 35. Kg1 $11) 33. e4 Bxc6 34. Bxc6 {[%emt 0:00:21][%mdl 4096] Endgame KRR-KRB} Re6 35. Bd5 Red6 36. g4 g6 37. f5 gxf5 38. gxf5 Kg7 ({Black should play} 38... Rc8 $17) 39. Kg2 $11 Rxd5 40. exd5 Rxd5 $15 {[%emt 0:00:06] KR-KR} 41. Kf3 Rxf5+ 42. Ke4 Rb5 {[%emt 0:00:00] With the idea ...Kf7.} 43. Rc2 (43. d5 $1 $11 {remains equal.}) 43... f5+ ({Black should try} 43... Kg6 $17 44. Rc3 a5) 44. Kf4 $11 {[%emt 0:00:00] The position is equal.} a5 45. h4 Kf6 46. Rc6+ Kf7 47. d5 Rxb3 48. Kxf5 Ke7 49. Ke5 Re3+ 50. Kd4 Rb3 51. Ke5 a4 52. Rc7+ Ke8 53. Rxh7 a3 54. Ra7 b5 55. h5 Rh3 56. h6 Rh5+ 57. Kd4 {[%emt 0:00:00] Threatens to win with h7.} Rh4+ 58. Kc5 {[%emt 0:00:00] Black must now prevent h7.} Rxh6 59. Rxa3 Kd7 60. Ra7+ Kd8 61. Kxb5 Rg6 62. Kc5 Rh6 63. Rb7 Rg6 64. Rb6 Rxb6 65. Kxb6 {[%emt 0:00:00] White threatens Kc6 and mate. KP-K} Kd7 66. Kc5 Kc7 67. d6+ Kd7 68. Kd5 Kd8 69. Kc5 Kd7 70. Kd5 Kd8 71. Ke6 {[%emt 0:00:00] White wants to mate with d7.} Ke8 72. d7+ Kd8 73. Kd6 {[%emt 0:00:00] And White is the lucky defender.  Weighted Error Value: White=0.14 (very precise) /Black=0.14 (very precise)} 1/2-1/2

[Event "Mitropa Cup Open 2022"]
[Site "Corte"]
[Date "2022.05.05"]
[Round "6.8"]
[White "Bouslimi, Nabil"]
[Black "Fecker, Noah"]
[Result "0-1"]
[ECO "D85"]
[WhiteElo "2065"]
[BlackElo "2387"]
[Annotator "TA"]
[PlyCount "80"]
[EventDate "2022.04.30"]
[EventType "team-tourn"]
[EventCountry "FRA"]
[SourceTitle "playchess.com"]
[Source "ChessBase"]
[SourceQuality "1"]
[WhiteTeam "France"]
[BlackTeam "Switzerland"]
[WhiteTeamCountry "FRA"]
[BlackTeamCountry "SUI"]
[TimeControl "40/5400+30:1800+30"]

1. d4 Nf6 2. c4 g6 3. Nc3 d5 4. cxd5 Nxd5 5. e4 Nxc3 6. bxc3 Bg7 7. Bb5+ c6 8. Ba4 O-O 9. Ne2 c5 10. O-O Nc6 11. Be3 Na5 12. Qd3 {[%emt 0:04:30] [#] D85: Exchange Grünfeld: Unusual White 7th moves and lines with 7 Nf3.} Bd7 $146 ({Predecessor:} 12... cxd4 13. cxd4 a6 14. Rac1 b5 15. Bb3 e6 16. Rfd1 Bb7 17. Bf4 Nxb3 18. axb3 Rc8 19. Rxc8 Qxc8 {½-½ (86) Ovod,E (2263)-Vokarev,S (2469) St Petersburg 2000}) 13. Bxd7 Qxd7 14. Rab1 {[%emt 0:07:22] The position is equal.} b6 15. Rfd1 Rfd8 16. Qc2 Nc4 {[%emt 0:10:02] White must now prevent ...Na3.} 17. Qb3 {[%emt 0:06:17] Inhibits Na3.} Nxe3 {[%emt 0:03:22] Black is more active.} 18. fxe3 Qg4 19. Ng3 e5 20. dxc5 Bh6 $36 {[%emt 0:04:32][%cal Bg7h6,Bh6e3,Be3c5,Bc5e7][%mdl 2080] Black has good play.} 21. Rd5 {[%emt 0:05:14] White is on the road to losing.} ({White should try} 21. c6 $15) 21... Bxe3+ $19 22. Kh1 Bxc5 23. Rf1 {[%emt 0:01:34] [#] White threatens Rxd8+ and mate.} Qe6 24. Qd1 (24. h3 $17 {might work better.}) 24... Be7 25. Qf3 Rac8 26. c4 Rc7 ({Weaker is} 26... Rxc4 27. Rxe5 Qxe5 28. Qxf7+ Kh8 29. Qxc4 $17) 27. Rfd1 Rdc8 28. Nf1 Rxc4 29. Ne3 Rc1 30. Qf1 Rxd1 31. Rxd1 Bc5 32. Nd5 Bd4 33. Qa6 {[%emt 0:00:07][%cal Oa6c8] [#] Threatens to win with Qxc8+!} Rc2 {[%emt 0:01:27][%cal Oc2g2] Strongly threatening ...Rxg2!} 34. Rf1 Kg7 {[%emt 0:03:12][%cal Oc2g2] aiming for ...Rxg2!} 35. Qxa7 (35. h3 $142) 35... Re2 36. h3 Rxe4 37. Qb7 (37. Nc7 $142 Qc6 38. Qa8 Qxa8 39. Nxa8) 37... Rh4 {[%emt 0:01:27][%cal Oh4h3] ( -> ...Rxh3+!)} 38. Rf3 e4 39. Nc7 Qd7 40. Ne6+ Qxe6 {[%emt 0:00:12] Weighted Error Value: White=1.09/Black=0.10 (very precise)} 0-1

[Event "Mitropa Cup Open 2022"]
[Site "Corte"]
[Date "2022.05.06"]
[Round "7.1"]
[White "Erdos, Viktor"]
[Black "Baenziger, Fabian"]
[Result "1/2-1/2"]
[ECO "B52"]
[WhiteElo "2587"]
[BlackElo "2430"]
[Annotator "TA"]
[PlyCount "43"]
[EventDate "2022.04.30"]
[EventType "team-tourn"]
[EventCountry "FRA"]
[SourceTitle "playchess.com"]
[Source "ChessBase"]
[SourceQuality "1"]
[WhiteTeam "Hungary"]
[BlackTeam "Switzerland"]
[WhiteTeamCountry "HUN"]
[BlackTeamCountry "SUI"]
[TimeControl "40/5400+30:1800+30"]

1. e4 c5 2. Nf3 d6 3. Bb5+ Bd7 4. Bxd7+ Nxd7 5. O-O Ngf6 6. Qe2 e6 7. d4 cxd4 8. Nxd4 a6 9. c4 Rc8 10. b3 Qa5 11. Bb2 Be7 12. Nc3 O-O 13. Rad1 {[%emt 0:00:33] B52: Sicilian: Moscow Variation with 3...Bd7.} Bd8 14. f4 Re8 15. Kh1 {[%emt 0:02:01] White is slightly better.} Bc7 {[%emt 0:06:22] [#]} (15... Be7 $14) 16. Rf3 $146 ({White should play} 16. g4 $16) ({Predecessor:} 16. Rd3 Bb8 17. Rh3 Qc5 18. Nf3 b5 19. e5 dxe5 20. fxe5 Nxe5 21. Ng5 Qe7 22. Nxh7 {½-½ (53) Iordachescu,V (2572)-Kozul,Z (2593) Dresden 2008}) 16... Bb8 17. Nc2 Qh5 18. Qf1 Qc5 19. Ba3 Qc6 20. Qe1 {[%emt 0:06:07] White is more active.} Nc5 21. Bb2 b5 {[%emt 0:02:49] ...bxc4 is the strong threat.} (21... Ncxe4 $2 22. Nd4 Qc5 23. Nxe4 $18) 22. cxb5 {[%emt 0:01:53] Weighted Error Value: White=0.23 (precise) /Black=0.13 (very precise)} 1/2-1/2

[Event "Mitropa Cup Open 2022"]
[Site "Corte"]
[Date "2022.05.06"]
[Round "7.1"]
[White "Babula, Vlastimil"]
[Black "Moroni, Luca Jr"]
[Result "1-0"]
[ECO "D52"]
[WhiteElo "2576"]
[BlackElo "2581"]
[Annotator "TA"]
[PlyCount "87"]
[EventDate "2022.04.30"]
[EventType "team-tourn"]
[EventCountry "FRA"]
[SourceTitle "playchess.com"]
[Source "ChessBase"]
[SourceQuality "1"]
[WhiteTeam "Czech Republic"]
[BlackTeam "Italy"]
[WhiteTeamCountry "CZE"]
[BlackTeamCountry "ITA"]
[TimeControl "40/5400+30:1800+30"]

1. d4 d5 2. c4 e6 3. Nf3 Nf6 4. Nc3 c6 5. Bg5 Nbd7 6. e3 Qa5 7. cxd5 Nxd5 8. Rc1 $1 {[%emt 0:00:37][%mdl 4] is recently more successful than 8.Qd2. D52: Queen's Gambit Declined: Cambridge Springs Variation.} Bb4 9. a3 Bxc3+ 10. bxc3 {[%emt 0:00:07] The position is equal.} h6 {[%emt 0:00:04] is the legacy move (10...b6).} (10... Nxc3 $2 11. Qd2 $18) 11. Bh4 b6 (11... Nxc3 $2 12. Qd2 $18) 12. Qd2 Ba6 13. c4 Qxd2+ 14. Nxd2 N5f6 15. Bd3 c5 16. O-O Rc8 17. Rfd1 O-O 18. f3 cxd4 19. exd4 {[%emt 0:00:40] [#]} Rc6 $146 ({Predecessor:} 19... g5 20. Bf2 Rfd8 21. Bf1 Bb7 22. Re1 e5 23. Nb3 e4 24. d5 exf3 25. gxf3 b5 {1-0 (76) Stojanovski,S (2265)-Brondal,P (2078) Ballerup 2014}) 20. a4 Rfc8 21. Ra1 Rd6 22. Bf2 Nc5 23. Bf1 (23. dxc5 Rxd3 24. cxb6 axb6 $14) 23... Nb7 24. a5 $1 Nxa5 25. c5 {[%emt 0:00:49][%mdl 64] Discovered Attack} Bxf1 26. cxd6 Bb5 27. Rac1 (27. Ne4 $1 $16) 27... Rd8 $14 28. Rc7 a6 29. Bh4 g5 $1 ({Don't play} 29... Rxd6 30. Bxf6 gxf6 31. Ne4 $16) 30. Bg3 $36 {[%emt 0:01:39][%mdl 2048] Hoping for Rdc1. Black is under pressure.} Ne8 (30... Nd5 $1 $11) 31. Ra7 {[%emt 0:05:32] White is much more active.} (31. d5 $14) 31... Nxd6 $11 {[%emt 0:07:36] Pair of Knights!} 32. d5 {[%emt 0:03:25][%cal Bd4d5,Bd5d6,Bd6d7][%mdl 32] Inhibits Nc6. aiming for dxe6.} Ndc4 ({But not} 32... exd5 33. Bxd6 Rxd6 34. Ne4 $1 $14) (32... Ne8 $5 ) 33. Nxc4 Nxc4 34. d6 a5 $2 {[%emt 0:01:40] [#]} (34... Ne3 $11 {and Black has nothing to worry.} 35. Rc1 Nd5) 35. Rc7 $1 $18 {[%emt 0:01:20][%mdl 1024] Black must now prevent Rb1. White has strong compensation.} Kf8 $2 (35... Ne3 36. Rb1 Bd7) 36. Rb1 Ba6 37. d7 b5 38. Ra7 b4 39. Rxa6 Rxd7 40. Be1 Kg7 41. Rc1 {[%emt 0:03:35] White is clearly winning.} b3 42. Rxc4 Rd1 43. Kf2 b2 44. Bc3+ {[%emt 0:00:22] Weighted Error Value: White=0.07 (flawless) /Black=0.27 (precise)} 1-0

[Event "Mitropa Cup Open 2022"]
[Site "Corte"]
[Date "2022.05.06"]
[Round "7.2"]
[White "Pelletier, Yannick"]
[Black "Kozak, Adam"]
[Result "1-0"]
[ECO "E10"]
[WhiteElo "2556"]
[BlackElo "2532"]
[Annotator "TA"]
[PlyCount "41"]
[EventDate "2022.04.30"]
[EventType "team-tourn"]
[EventCountry "FRA"]
[SourceTitle "playchess.com"]
[Source "ChessBase"]
[SourceQuality "1"]
[WhiteTeam "Switzerland"]
[BlackTeam "Hungary"]
[WhiteTeamCountry "SUI"]
[BlackTeamCountry "HUN"]
[TimeControl "40/5400+30:1800+30"]

1. d4 Nf6 2. c4 c5 3. d5 b5 4. Nf3 e6 5. Bg5 h6 6. Bxf6 Qxf6 7. Nc3 {[%emt 0:04:10] E10: Blumenfeld Gambit.} bxc4 8. e4 e5 9. Bxc4 {[%emt 0:07:11] White is better.} d6 10. Bb5+ {[%emt 0:00:55] [#]} Nd7 $146 ({Predecessor:} 10... Bd7 11. O-O Qd8 12. Qa4 Be7 13. b4 cxb4 14. Qxb4 O-O 15. Bd3 Bg4 16. Nd2 Nd7 {½-½ (23) Thoma,W (2161)-Dudas,J (2320) Austria 2003}) 11. Qb3 {[%emt 0:03:53] [#] Threatens to win with Bc6. White is more active.} Ke7 $2 (11... c4 $16 12. Qxc4 Qd8) 12. O-O a6 13. Bxd7 ({Weaker is} 13. Bc6 Rb8 14. Qa3 Ke8 $16) 13... Bxd7 14. Qb7 Rd8 15. Nd2 ({Less strong is} 15. Qxa6 g5 16. Ne1 h5 $16) 15... Qg5 (15... Ke8 16. Qxa6 Qg5) 16. f4 $18 {White is clearly winning.} exf4 17. e5 {[%emt 0:11:41] exd6+ is the strong threat.} dxe5 18. Nf3 Qf5 {[%emt 0:06:43] [#]} 19. Nxe5 $1 {[%emt 0:00:31][%mdl 512] Pair of Knights!} Kf6 (19... f6 20. Nc6+) 20. Qb6+ Bd6 21. Nc4 {[%emt 0:00:52] Black got outplayed after the opening.  Weighted Error Value: White=0.05 (flawless) /Black=0.47} 1-0

[Event "Mitropa Cup Open 2022"]
[Site "Corte"]
[Date "2022.05.06"]
[Round "7.2"]
[White "Sonis, Francesco"]
[Black "Kusa, Jakub"]
[Result "1-0"]
[ECO "D35"]
[WhiteElo "2547"]
[BlackElo "2338"]
[Annotator "TA"]
[PlyCount "54"]
[EventDate "2022.04.30"]
[EventType "team-tourn"]
[EventCountry "FRA"]
[SourceTitle "playchess.com"]
[Source "ChessBase"]
[SourceQuality "1"]
[WhiteTeam "Italy"]
[BlackTeam "Czech Republic"]
[WhiteTeamCountry "ITA"]
[BlackTeamCountry "CZE"]
[TimeControl "40/5400+30:1800+30"]

1. c4 e6 2. d4 Nf6 3. Nc3 d5 4. cxd5 exd5 5. Bg5 Nbd7 6. e3 c6 7. Bd3 Bd6 8. Nge2 Nf8 {[%emt 0:00:49] is more profitable than 8...0-0 at the moment. D35: Queen's Gambit Declined: Exchange Variation.} 9. Bf4 Ng6 10. Bg3 Bxg3 {[%emt 0:05:07] [#] The position is equal.} 11. hxg3 $146 ({Predecessor:} 11. Nxg3 a5 12. O-O O-O 13. Qd2 Nh4 14. f3 Re8 15. Qf2 b6 16. e4 dxe4 17. fxe4 {½-½ (24) Nosenko,A (2498)-Dmitrenko,V (2338) Alushta 2009}) 11... Ne7 12. Qc2 g6 13. f3 Be6 (13... Bf5 $14) 14. g4 $16 h5 15. Nf4 Qd6 {[%emt 0:08:44] [#]} 16. Qa4 ({Better is} 16. gxh5 $1 $16 g5 17. Nxe6 Qxe6 18. Kf2) 16... a6 (16... Kd7 $11 {keeps the balance.}) 17. Qa5 {[%emt 0:07:34] White is more active.} g5 (17... Kf8 $16) 18. Nxh5 $18 Nxh5 19. gxh5 (19. Rxh5 Qg3+ 20. Kf1 Rxh5 21. gxh5 g4 $11) 19... Qg3+ 20. Kd2 Qf2+ 21. Ne2 {[%emt 0:00:52] [#] aiming for Qc7.} Qxg2 (21... Kd7 $16) 22. Qc7 {[%emt 0:06:21] Threatens to win with Rag1.} Qxf3 $2 (22... Rh6 {was called for.} 23. Qxb7 Rc8) 23. Raf1 Qg2 24. Rfg1 (24. Qxb7 Rd8 25. h6 (25. Qxa6 Rh6 $16) 25... Bh3 $18) (24. Rhg1 Qh3 25. Rh1 (25. Qxb7 Rd8 $16) 25... Qg2 $18) (24. h6 $142) 24... Qf3 25. Rf1 $2 (25. Qxb7 Rc8 26. Rf1 (26. Qxa6 Rxh5 27. Rxh5 Qxh5 $11)) 25... Qg2 26. Qxb7 {[%emt 0:00:05] Really sharp!} ({Resist} 26. Rhg1 Qh3 27. Rh1 (27. Qxb7 Rd8 $18) 27... Qg2 $18) 26... Rc8 27. h6 ({Not} 27. Qxa6 Rb8 $16) (27. Bxa6 Bh3 28. Rfg1 Qf3 $18) 27... Kf8 {[%emt 0:06:29] Weighted Error Value: White=0.31/Black=0.43} 1-0

[Event "Mitropa Cup Open 2022"]
[Site "Corte"]
[Date "2022.05.06"]
[Round "7.3"]
[White "Nemeth, Miklos"]
[Black "Gaehwiler, Gabriel"]
[Result "0-1"]
[ECO "B53"]
[WhiteElo "2446"]
[BlackElo "2418"]
[Annotator "TA"]
[PlyCount "70"]
[EventDate "2022.04.30"]
[EventType "team-tourn"]
[EventCountry "FRA"]
[SourceTitle "playchess.com"]
[Source "ChessBase"]
[SourceQuality "1"]
[WhiteTeam "Hungary"]
[BlackTeam "Switzerland"]
[WhiteTeamCountry "HUN"]
[BlackTeamCountry "SUI"]
[TimeControl "40/5400+30:1800+30"]

1. e4 c5 2. Nf3 d6 3. d4 cxd4 4. Qxd4 Nc6 5. Qe3 g6 6. Be2 {[%emt 0:00:17] B53: Sicilian: 2...d6: Lines with Qxd4.} Bg7 7. O-O Nf6 8. h3 {[%emt 0:01:35] The position is equal.} O-O 9. Rd1 Nd7 10. Nc3 a6 11. a4 b6 {[%emt 0:07:03] [#]} 12. Nd5 $146 ({Predecessor:} 12. Qf4 Nb4 13. Qh4 Nxc2 14. Rb1 Ne5 15. Nxe5 Bxe5 16. Nd5 Re8 17. Bd3 Nd4 18. Be3 {½-½ (61) Harikrishna,P (2725)-Korobov,A (2685) Struga 2021}) 12... Bb7 13. Ra3 (13. Qa3 $11) 13... e6 $15 14. Nf4 Nc5 {[%emt 0:02:39] Against Rad3} ({Better is} 14... Qc7 $17) 15. Nd3 Qc7 16. b4 {[%emt 0:18:35] [#]} Nxe4 17. Qxe4 {[%emt 0:03:11] [#] Qh4 is the strong threat.} Nd4 $1 18. Qe3 Nxc2 19. Qd2 {[%emt 0:00:57] Black must now prevent Ra2.} Nxa3 {[%emt 0:00:05] Black is more active.} 20. Bxa3 Qc3 21. Qxc3 Bxc3 22. Rc1 Rfc8 23. Nc5 dxc5 $19 ({Not} 23... Bxb4 24. Bxb4 bxc5 25. Bc3) 24. Rxc3 cxb4 25. Bxb4 {[%emt 0:00:13] [#]} a5 $1 26. Rxc8+ Rxc8 27. Be7 Bc6 28. Bd1 Bxf3 29. Bxf3 Rc4 30. Bd8 $2 (30. Kf1) 30... Rxa4 {[%emt 0:00:11] Black is winning.} 31. Bxb6 Ra1+ 32. Kh2 a4 33. Bd4 Rc1 34. Be3 Rc8 35. Bb7 Rc7 {[%emt 0:00:23] Weighted Error Value: White=0.25 (precise) /Black=0.06 (flawless)} 0-1